[Event "Titled Tuesday Blitz February 22 Early 2022"]
[White "Ishbaev, Alibek"]
[Black "Budrewicz, Krzysztof"]
[WhiteFideId "14205017"]
[BlackFideId "1127950"]
[WhiteElo "2387"]
[BlackElo "2248"]
[Result "0-1"]
[Round "09"]
[TimeControl "180+1"]
[Date "2022.02.22"]
[WhiteClock "0:00:10"]
[BlackClock "0:00:04"]

1. c4 b5 2. d3 Bb7 3. cxb5 d5 4. g3 e5 5. Bg2 Nf6 6. Nc3 Be7 7. Bg5 Nbd7 8. Nf3 d4 9. Na4 Bb4+ 10. Bd2 Qe7 11. O-O Bd6 12. a3 O-O 13. b4 Rfe8 14. Bg5 h6 15. Bxf6 Qxf6 16. Nd2 Bxg2 17. Kxg2 Qg6 18. Ne4 f5 19. Nxd6 cxd6 20. Rc1 f4 21. Rc7 Nf6 22. Qb3+ Kh7 23. Qf7 Qg5 24. h4 Qg6 25. Qxg6+ Kxg6 26. Rfc1 fxg3 27. fxg3 Ng4 28. R1c6 Re6 29. Rd7 Ne3+ 30. Kf3 Rf8+ 31. Ke4 Rff6 32. Nb2 Nf5 33. Kd5 Kh5 34. Nc4 Ne7+ 35. Rxe7 Rxe7 36. Rxd6 Kg4 37. Nxe5+ Kxg3 38. Rxf6 gxf6 39. Nf3 Rxe2 40. Nxd4 Re8 41. Nf5+ Kg4 42. Nxh6+ Kxh4 43. Nf5+ Kg5 44. Ng7 Rd8+ 45. Ke4 f5+ 46. Nxf5 Re8+ 47. Kd5 Kxf5 48. Kc6 Ke6 49. d4 Rd8 50. a4 Rxd4 51. a5 Rxb4 52. b6 axb6 53. axb6 Rc4+ 54. Kb7 Kd7 55. Kb8 Kc6 56. b7 Rb4 57. Ka8 Kc7 58. Ka7 Ra4# 0-1


[Site "https://www.chess.com"]

[Event "Titled Tuesday Blitz February 22 Early 2022"]
[White "Iskusnyh, Sergei"]
[Black "Cramling Bellon, Anna"]
[WhiteFideId "4120027"]
[BlackFideId "32009232"]
[WhiteElo "2492"]
[BlackElo "1905"]
[Result "1-0"]
[Round "09"]
[TimeControl "180+1"]
[Date "2022.02.22"]
[WhiteClock "0:01:42"]
[BlackClock "0:00:07"]

1. d4 Nf6 2. c4 e6 3. g3 d5 4. Bg2 Bb4+ 5. Nd2 dxc4 6. Qa4+ Nc6 7. Bxc6+ bxc6 8. Qxb4 Qd5 9. Ngf3 Ba6 10. O-O c3 11. bxc3 Bxe2 12. Ba3 c5 13. Qa4+ c6 14. c4 Qd6 15. Bxc5 Qc7 16. Rfe1 Bxf3 17. Nxf3 Nd7 18. Ba3 h5 19. d5 Nb6 20. Qb3 h4 21. dxe6 f6 22. Qd3 Rd8 23. Qg6+ 1-0


[Site "https://www.chess.com"]

[Event "Titled Tuesday Blitz February 22 Early 2022"]
[White "Ismayil, Malak"]
[Black "Estrada Nieto, Julian"]
[WhiteFideId "13412604"]
[BlackFideId "5101018"]
[WhiteElo "1879"]
[BlackElo "2246"]
[Result "0-1"]
[Round "09"]
[TimeControl "180+1"]
[Date "2022.02.22"]
[WhiteClock "0:00:30"]
[BlackClock "0:00:18"]

1. e4 e5 2. Nf3 Nc6 3. Bc4 Bc5 4. d3 d6 5. Nc3 Nf6 6. h3 a6 7. O-O h6 8. Be3 g5 9. Nh2 Rg8 10. Bxc5 dxc5 11. Nd5 Be6 12. Nxf6+ Qxf6 13. Bd5 Bxd5 14. exd5 Ne7 15. c4 O-O-O 16. b4 Qd6 17. bxc5 Qxc5 18. Rb1 f5 19. Qb3 b6 20. Qa4 Kb7 21. Rbe1 Ng6 22. Re3 g4 23. hxg4 fxg4 24. Rfe1 h5 25. Qd1 Nf4 26. Nf1 h4 27. Qd2 g3 28. Rf3 gxf2+ 29. Qxf2 Rxg2+ 30. Kh1 Rxf2 0-1


[Site "https://www.chess.com"]

[Event "Titled Tuesday Blitz February 22 Early 2022"]
[White "Jacobson, Aaron"]
[Black "Gormally, Daniel W"]
[WhiteFideId "2089912"]
[BlackFideId "406465"]
[WhiteElo "2265"]
[BlackElo "2543"]
[Result "1/2-1/2"]
[Round "09"]
[TimeControl "180+1"]
[Date "2022.02.22"]
[WhiteClock "0:00:06"]
[BlackClock "0:00:12"]

1. e4 Nc6 2. Nf3 d6 3. d4 Nf6 4. c3 Bg4 5. Bd3 e6 6. Nbd2 Be7 7. Nf1 d5 8. e5 Ne4 9. Ng3 Nxg3 10. hxg3 h6 11. Qb3 Na5 12. Qa4+ c6 13. Nd2 Bf5 14. Be2 b5 15. Qd1 O-O 16. g4 Bg6 17. Nf3 Be4 18. Bf4 f5 19. exf6 Rxf6 20. Bg3 Bxf3 21. Bxf3 Bd6 22. Bxd6 Qxd6 23. O-O Raf8 24. Re1 Nb7 25. a4 b4 26. a5 Nd8 27. Qd2 bxc3 28. Qxc3 Nf7 29. Rec1 Ng5 30. Qxc6 Qb4 31. Rc3 Qxb2 32. Re1 Rxf3 33. gxf3 Nh3+ 34. Kg2 Qxf2+ 35. Kxh3 Qxe1 36. Kg2 Qd2+ 37. Kg3 Qxd4 38. Qxe6+ Kh8 39. Qe3 Qb4 40. Qc5 Qf4+ 41. Kg2 Rb8 42. Rc2 d4 43. Qc4 Rd8 44. Qd3 Re8 45. Re2 Re3 46. Rxe3 dxe3 47. Qd8+ Kh7 48. Qd3+ g6 49. Qd7+ Kg8 50. Qe8+ Kg7 51. Qe7+ Kg8 52. Qe8+ Kh7 53. Qe7+ Kg8 54. Qxa7 Qc4 55. Qb8+ Kf7 56. Qa7+ Kf6 57. Qb6+ Kg7 58. Qxe3 Qa2+ 59. Kg3 Qxa5 60. Qe7+ Kg8 61. Qe8+ Kg7 62. Qd7+ Kg8 63. Qe6+ Kg7 64. Qd6 Qe1+ 65. Kg2 Qe2+ 66. Kg3 Qe1+ 67. Kg2 Qe2+ 68. Kg3 Qe1+ 1/2-1/2


[Site "https://www.chess.com"]

[Event "Titled Tuesday Blitz February 22 Early 2022"]
[White "Janaszak, Dawid"]
[Black "Leiva, Gianmarco"]
[WhiteFideId "1119206"]
[BlackFideId "3804399"]
[WhiteElo "2199"]
[BlackElo "2328"]
[Result "1-0"]
[Round "09"]
[TimeControl "180+1"]
[Date "2022.02.22"]
[WhiteClock "0:00:15"]
[BlackClock "0:00:01"]

1. e4 c5 2. Nc3 d6 3. f4 a6 4. Nf3 Nc6 5. d4 Bg4 6. d5 Nd4 7. Be3 Qb6 8. Rb1 Bxf3 9. gxf3 g6 10. Bg2 Bg7 11. O-O e6 12. dxe6 fxe6 13. f5 gxf5 14. exf5 Nxf5 15. Bf2 Nge7 16. Re1 d5 17. Na4 Qc6 18. Nxc5 e5 19. c4 d4 20. b4 Qg6 21. Kh1 O-O 22. f4 Kh8 23. fxe5 Ne3 24. Bxe3 dxe3 25. Qd6 Qg5 26. Ne6 Qxe5 27. Qxe5 Bxe5 28. Nxf8 Rxf8 29. Rxe3 Ng6 30. Bxb7 Rf2 31. Rh3 Rxa2 32. c5 Nf4 33. Rh6 Kg7 34. Rh4 Ng6 35. Rg1 1-0


[Site "https://www.chess.com"]

[Event "Titled Tuesday Blitz February 22 Early 2022"]
[White "Jiang, Brian"]
[Black "Nosacheva, Mariya"]
[WhiteFideId "2627922"]
[BlackFideId "34111422"]
[WhiteElo "2388"]
[BlackElo "2055"]
[Result "1-0"]
[Round "09"]
[TimeControl "180+1"]
[Date "2022.02.22"]
[WhiteClock "0:00:42"]
[BlackClock "0:00:46"]

1. d4 Nf6 2. c4 g6 3. Nc3 Bg7 4. e4 d6 5. f3 O-O 6. Be3 Nc6 7. Qd2 a6 8. Nge2 Na5 9. Nc1 Nd7 10. b4 Nc6 11. Rb1 e5 12. d5 Nd4 13. Nb3 f5 14. Nxd4 exd4 15. Bxd4 Bxd4 16. Qxd4 Ne5 17. Be2 fxe4 18. Nxe4 Qh4+ 19. Qf2 Qh6 20. O-O Bf5 21. Qd4 Rae8 22. Rbe1 Ng4 23. fxg4 Rxe4 24. Qf2 Bxg4 25. Qxf8+ Qxf8 26. Rxf8+ Kxf8 27. Rf1+ Ke7 28. Bxg4 Rxg4 29. Re1+ Kf6 30. Rf1+ Ke5 31. Rf7 Rxc4 32. Rxh7 Kxd5 33. h4 Rxb4 34. Rxc7 Rxh4 35. Rxb7 Ra4 36. Rg7 Rxa2 37. Rxg6 a5 38. g4 a4 39. Rg5+ Ke4 40. Ra5 Kf3 41. g5 a3 42. g6 Rg2+ 43. Kf1 a2 44. Ra3+ Kf4 45. Kxg2 1-0


[Site "https://www.chess.com"]

[Event "Titled Tuesday Blitz February 22 Early 2022"]
[White "Jobava, Baadur"]
[Black "Priasmoro, Novendra"]
[WhiteFideId "13601520"]
[BlackFideId "7105029"]
[WhiteElo "2617"]
[BlackElo "2309"]
[Result "1-0"]
[Round "09"]
[TimeControl "180+1"]
[Date "2022.02.22"]
[WhiteClock "0:01:09"]
[BlackClock "0:00:34"]

1. e4 d5 2. exd5 Qxd5 3. Nc3 Qa5 4. d4 Nf6 5. Bd3 c6 6. Nf3 Bg4 7. h3 Bh5 8. g4 Bg6 9. Ne5 e6 10. Nxg6 hxg6 11. Bd2 Qc7 12. Qf3 Nbd7 13. O-O-O Bd6 14. Kb1 O-O-O 15. g5 Nd5 16. Qxf7 Nf8 17. Qxc7+ Bxc7 18. Ne2 Rh4 19. c3 e5 20. dxe5 Bxe5 21. Kc2 Kc7 22. Rdg1 Ra4 23. a3 Ne7 24. Rg4 Rxg4 25. hxg4 Ne6 26. Re1 Nc5 27. Nc1 Bd6 28. c4 Rf8 29. b4 Nxd3 30. Nxd3 Nc8 31. Re6 Rf7 32. Rxg6 Kd7 33. Bc3 1-0


[Site "https://www.chess.com"]

[Event "Titled Tuesday Blitz February 22 Early 2022"]
[White "Jones, Gawain C B"]
[Black "Sadhwani, Raunak"]
[WhiteFideId "409561"]
[BlackFideId "35093487"]
[WhiteElo "2657"]
[BlackElo "2616"]
[Result "1/2-1/2"]
[Round "09"]
[TimeControl "180+1"]
[Date "2022.02.22"]
[WhiteClock "0:00:07"]
[BlackClock "0:00:04"]

1. Nf3 d6 2. d4 g6 3. e4 Bg7 4. Bd3 Bg4 5. c3 Nd7 6. Nbd2 e5 7. h3 Bxf3 8. Nxf3 Ne7 9. O-O O-O 10. Re1 Nc6 11. Bb5 Re8 12. Bg5 Qc8 13. Qd2 a6 14. Bd3 exd4 15. cxd4 Nxd4 16. Nxd4 Bxd4 17. Rac1 Bg7 18. Bc4 Nc5 19. Qc2 b5 20. b4 Ne6 21. Bxe6 Qxe6 22. Qxc7 Rac8 23. Qb7 Rxc1 24. Rxc1 h6 25. Bf4 Qxa2 26. Rc8 Qb1+ 27. Kh2 Rxc8 28. Qxc8+ Kh7 29. Qxa6 Qxe4 30. Bxd6 Be5+ 31. g3 Bd4 32. Bc5 Bxc5 33. bxc5 Qc2 34. Qxb5 Qxf2+ 35. Kh1 Qxg3 36. c6 Qxh3+ 37. Kg1 Qg3+ 38. Kf1 Qf4+ 39. Ke2 Qe4+ 40. Kd2 Qd4+ 41. Kc2 Kg7 42. Qd3 Qf2+ 43. Qd2 Qf5+ 44. Qd3 Qf2+ 45. Qd2 Qf5+ 46. Qd3 Qf2+ 1/2-1/2


[Site "https://www.chess.com"]

[Event "Titled Tuesday Blitz February 22 Early 2022"]
[White "Kamsky, Gata"]
[Black "Martirosyan, Haik M."]
[WhiteFideId "2000024"]
[BlackFideId "13306553"]
[WhiteElo "2645"]
[BlackElo "2735"]
[Result "0-1"]
[Round "09"]
[TimeControl "180+1"]
[Date "2022.02.22"]
[WhiteClock "0:00:02"]
[BlackClock "0:00:07"]

1. d4 Nf6 2. Nf3 d5 3. Bf4 c5 4. e3 Nc6 5. Nbd2 cxd4 6. exd4 Bf5 7. c3 e6 8. Bb5 Bd6 9. Bxd6 Qxd6 10. O-O O-O 11. Re1 a6 12. Bf1 Qc7 13. a4 h6 14. Qb3 Rab8 15. Qa3 Rfe8 16. a5 Ne4 17. Nxe4 Bxe4 18. Nd2 Bg6 19. Qc5 Rbc8 20. Nb3 Bc2 21. Nc1 Qd8 22. Bd3 Bxd3 23. Nxd3 Ne5 24. Rxe5 Rxc5 25. Nxc5 Qc7 26. g3 Qc6 27. Rae1 Qb5 28. b4 g6 29. h4 h5 30. R5e3 Rc8 31. Ra1 Kg7 32. Kg2 Re8 33. Kg1 Qc4 34. Rae1 Re7 35. Kg2 Kf8 36. Kg1 Ke8 37. Kg2 Kd8 38. Kg1 Kc8 39. Kg2 Kb8 40. Kg1 Ka7 41. Kg2 Rc7 42. Kg1 Rc6 43. Rf3 Rc7 44. Rfe3 Qa2 45. Kg2 Qc2 46. R1e2 Qf5 47. Rf3 Qb1 48. Rfe3 Qa1 49. Re1 Qa2 50. R1e2 Qc4 51. Re1 Re7 52. Kg1 Kb8 53. Kg2 Kc8 54. Kg1 e5 55. dxe5 d4 56. Ne4 Kb8 57. Nd6 Qd5 58. cxd4 Qxd4 59. Re4 Qd2 60. Nc4 Qxb4 61. Rd1 Rc7 62. Rd8+ Ka7 63. Nd6 Qxa5 64. Nc8+ Kb8 65. Nb6+ Ka7 66. Nc8+ Rxc8 67. Rxc8 Qd5 68. Rf4 a5 69. Rc7 Qxe5 70. Rfxf7 Qe1+ 71. Kg2 Qe4+ 72. Kg1 a4 73. Rf4 Qe1+ 74. Kg2 Qd1 75. Rb4 Ka6 76. Rc8 Qd5+ 77. Kh2 b5 78. Rb8 Qc5 79. Rf4 Ka5 80. Ra8+ Kb6 81. Rf6+ Kb7 82. Re8 a3 83. Rf7+ Kb6 84. Re6+ Ka5 85. Re8 b4 86. Ra8+ Kb5 87. Rf3 Qd5 88. Rb8+ Ka4 89. Rf4 Qd2 90. Ra8+ Kb3 91. Rf3+ Kb2 0-1


[Site "https://www.chess.com"]

[Event "Titled Tuesday Blitz February 22 Early 2022"]
[White "Karabalis, Harilos"]
[Black "Maltsevskaya, Aleksandra"]
[WhiteFideId "4621808"]
[BlackFideId "24174041"]
[WhiteElo "2168"]
[BlackElo "2283"]
[Result "0-1"]
[Round "09"]
[TimeControl "180+1"]
[Date "2022.02.22"]
[WhiteClock "0:00:42"]
[BlackClock "0:01:29"]

1. e4 c5 2. a3 e6 3. Nf3 d5 4. e5 d4 5. c3 Nc6 6. Bb5 Ne7 7. O-O Ng6 8. cxd4 cxd4 9. Re1 Bd7 10. Bd3 Qc7 11. Qe2 Rc8 12. Bxg6 hxg6 13. b4 g5 14. Bb2 g4 15. Nxd4 Nxe5 16. Qxe5 Qxe5 17. Rxe5 Bd6 18. Re1 Bxh2+ 19. Kf1 Bf4 20. Ke2 Rh2 21. Rg1 e5 22. Nb3 Bb5+ 23. Kd1 Ba4 24. Nc3 Bxb3+ 25. Ke2 Rd8 26. d3 Bc2 27. Rad1 Bxd1+ 28. Nxd1 g3 29. fxg3 Bxg3 30. Ne3 Bf4 31. Ng4 Rh5 32. g3 Bg5 33. Nxe5 Rh2+ 34. Kf3 Rxb2 0-1


[Site "https://www.chess.com"]

[Event "Titled Tuesday Blitz February 22 Early 2022"]
[White "Kazancev, Valerij M"]
[Black "Redzisz, Michal"]
[WhiteFideId "4179609"]
[BlackFideId "21816107"]
[WhiteElo "2453"]
[BlackElo "1961"]
[Result "1-0"]
[Round "09"]
[TimeControl "180+1"]
[Date "2022.02.22"]
[WhiteClock "0:01:23"]
[BlackClock "0:00:01"]

1. c4 Nf6 2. Nc3 g6 3. g3 d5 4. cxd5 Nxd5 5. Bg2 Nxc3 6. bxc3 Bg7 7. h4 O-O 8. h5 c5 9. hxg6 hxg6 10. Qa4 e6 11. Ba3 Bd7 12. Qh4 Qxh4 13. Rxh4 Bc6 14. Bxc6 Nxc6 15. Bxc5 Rfc8 16. Rb1 b6 17. Be3 Ne5 18. Ra4 Nc4 19. Nf3 Nxe3 20. fxe3 Kf8 21. g4 Ke7 22. e4 Rh8 23. Kf2 Kd6 24. d4 Rhc8 25. c4 Rc7 26. Ke3 Rac8 27. Kd3 e5 28. e3 f6 29. Rb5 g5 30. Rd5+ Ke6 31. dxe5 Rh8 32. exf6 Bxf6 33. e5 Be7 34. Ke4 Rh1 35. Nd4+ Kf7 36. e6+ Ke8 37. Rd7 Rxd7 38. exd7+ Kxd7 39. Rxa7+ Ke8 40. Nf5 Bc5 41. Kd5 Rd1+ 42. Ke6 Kd8 43. Rg7 Rd2 44. Rxg5 Rxa2 45. Rg8+ Kc7 46. g5 Re2 47. g6 1-0


[Site "https://www.chess.com"]

[Event "Titled Tuesday Blitz February 22 Early 2022"]
[White "Kim, Sergey"]
[Black "Demchenko, Anton"]
[WhiteFideId "13700570"]
[BlackFideId "4160258"]
[WhiteElo "2643"]
[BlackElo "2539"]
[Result "0-1"]
[Round "09"]
[TimeControl "180+1"]
[Date "2022.02.22"]
[WhiteClock "0:00:12"]
[BlackClock "0:00:49"]

1. d4 Nf6 2. c4 d6 3. Nc3 Nbd7 4. e4 e5 5. Nge2 Be7 6. d5 h5 7. Ng3 g6 8. Be2 a5 9. h3 Nc5 10. f3 h4 11. Nf1 Nh5 12. Ne3 Bg5 13. O-O Bd7 14. Ng4 Bxc1 15. Qxc1 Nf4 16. Qd2 f5 17. Ne3 Qg5 18. Kh1 Nxg2 19. f4 Nxf4 20. Rg1 Qh6 21. exf5 gxf5 22. Bf3 Nxh3 23. Rg2 Nf4 24. Rgg1 O-O-O 25. Nb5 b6 26. b4 axb4 27. Qxb4 Kb7 28. a4 Nfd3 29. Qd2 Qf4 30. Raf1 Ra8 31. Bg2 Qg3 32. Nxf5 Rxa4 33. Nxg3 hxg3+ 34. Bh3 Rxh3+ 0-1


[Site "https://www.chess.com"]

[Event "Titled Tuesday Blitz February 22 Early 2022"]
[White "King, Alexander"]
[Black "Moroni, Luca Jr"]
[WhiteFideId "2063620"]
[BlackFideId "865834"]
[WhiteElo "2306"]
[BlackElo "2573"]
[Result "0-1"]
[Round "09"]
[TimeControl "180+1"]
[Date "2022.02.22"]
[WhiteClock "0:00:01"]
[BlackClock "0:00:04"]

1. d4 d6 2. e4 e5 3. dxe5 dxe5 4. Qxd8+ Kxd8 5. Nf3 f6 6. Rg1 c6 7. g4 h6 8. h4 Be6 9. g5 hxg5 10. hxg5 Nd7 11. Be3 Kc7 12. Nbd2 Rd8 13. Bc4 Bxc4 14. Nxc4 Bc5 15. O-O-O Bxe3+ 16. Nxe3 Rh3 17. Nd2 Nc5 18. gxf6 gxf6 19. Rg7+ Kb8 20. Ndc4 Rxd1+ 21. Kxd1 Nh6 22. Nd6 a5 23. Nec4 a4 24. Na5 Rh4 25. Ndxb7 Nxb7 26. Rxb7+ Kc8 27. Rh7 c5 28. Nb7 f5 29. Nxc5 fxe4 30. Ke2 Kd8 31. Ne6+ Ke8 32. Nc7+ Kf8 33. Nd5 Rh3 34. b3 a3 35. b4 Rh1 36. b5 Ra1 37. Nc3 Nf5 38. b6 Nd4+ 39. Ke3 Re1+ 40. Kd2 Nf3# 0-1


[Site "https://www.chess.com"]

[Event "Titled Tuesday Blitz February 22 Early 2022"]
[White "Kobalia, Mikhail"]
[Black "Abdisalimov, Abdimalik"]
[WhiteFideId "4119150"]
[BlackFideId "14206323"]
[WhiteElo "2667"]
[BlackElo "2401"]
[Result "1-0"]
[Round "09"]
[TimeControl "180+1"]
[Date "2022.02.22"]
[WhiteClock "0:01:38"]
[BlackClock "0:00:44"]

1. e4 c5 2. Nf3 d6 3. d4 cxd4 4. Nxd4 Nf6 5. Nc3 a6 6. Be3 e5 7. Nb3 Be6 8. Qd2 Nbd7 9. O-O-O b5 10. f4 Rc8 11. Kb1 Be7 12. Bd3 O-O 13. f5 Bc4 14. g4 b4 15. Nd5 Nxd5 16. exd5 Bxd5 17. Rhg1 Bf3 18. Rdf1 e4 19. Bxa6 Ra8 20. Bb7 Rb8 21. Bd5 Nf6 22. g5 Nxd5 23. Qxd5 Kh8 24. Nd4 Qd7 25. Nxf3 exf3 26. Rxf3 Rb5 27. Qd3 f6 28. g6 Ra8 29. Rh3 h6 30. Bxh6 gxh6 31. Rxh6+ Kg8 32. Rh8+ 1-0


[Site "https://www.chess.com"]

[Event "Titled Tuesday Blitz February 22 Early 2022"]
[White "Kozak, Adam"]
[Black "Gabrielian, Artur"]
[WhiteFideId "753246"]
[BlackFideId "4131002"]
[WhiteElo "2459"]
[BlackElo "2440"]
[Result "0-1"]
[Round "09"]
[TimeControl "180+1"]
[Date "2022.02.22"]
[WhiteClock "0:00:07"]
[BlackClock "0:00:19"]

1. Nf3 Nf6 2. g3 g6 3. Bg2 Bg7 4. O-O O-O 5. d4 d5 6. c4 c6 7. Qb3 Qb6 8. Nc3 Rd8 9. Bd2 Bf5 10. Na4 Qxb3 11. axb3 Na6 12. Rfc1 Ne4 13. Ba5 Rdc8 14. e3 Nd6 15. Nd2 Be6 16. Nc5 Nxc5 17. dxc5 Ne4 18. Nxe4 dxe4 19. Bc3 f5 20. b4 Bxc3 21. Rxc3 Rd8 22. b5 Rd2 23. b4 Rb2 24. b6 a6 25. b5 cxb5 26. cxb5 Rxb5 27. Bf1 Rb2 28. Rd1 a5 29. Ra1 a4 30. Raa3 Kg7 31. Bc4 Kf6 32. Kg2 Rd8 33. Bxe6 Kxe6 34. c6 bxc6 35. Rxc6+ Kf7 36. Rxa4 Rdd2 37. b7 Rxf2+ 38. Kg1 Rg2+ 39. Kf1 Rxh2 40. Kg1 Rhg2+ 41. Kf1 Rh2 42. Kg1 Rhd2 43. Rc1 Rxb7 44. g4 Rbb2 45. gxf5 gxf5 46. Ra5 e6 47. Ra7+ Kg6 48. Kh1 Rh2+ 49. Kg1 Rbg2+ 50. Kf1 Rh1+ 51. Kxg2 Rxc1 52. Re7 Rc6 53. Kg3 h6 54. Kh4 Kf6 55. Rh7 Rc3 56. Rc7 Rxc7 0-1


[Site "https://www.chess.com"]

[Event "Titled Tuesday Blitz February 22 Early 2022"]
[White "Kozak, Alexander"]
[Black "Topalov, Aleksandar"]
[WhiteFideId "4135881"]
[BlackFideId "925659"]
[WhiteElo "2251"]
[BlackElo "2098"]
[Result "1-0"]
[Round "09"]
[TimeControl "180+1"]
[Date "2022.02.22"]
[WhiteClock "0:00:18"]
[BlackClock "0:00:07"]

1. e4 e6 2. Nf3 d5 3. Nc3 Nf6 4. e5 Ng8 5. d4 Ne7 6. h4 h5 7. Bd3 b6 8. Ne2 Ba6 9. Bxa6 Nxa6 10. c3 Qd7 11. Nf4 Nf5 12. Ng5 g6 13. g4 hxg4 14. Qxg4 O-O-O 15. h5 gxh5 16. Rxh5 Bh6 17. Qe2 Kb7 18. a4 Bxg5 19. Rxg5 Rh1+ 20. Kd2 c5 21. Qf3 Rhh8 22. Ne2 Nc7 23. Kc2 Rc8 24. Be3 cxd4 25. cxd4 Na6+ 26. Kb3 Qe7 27. Bd2 Rc7 28. Rxf5 exf5 29. Nf4 Rd8 30. Nxd5 Rxd5 31. Qxd5+ Kb8 32. Rh1 Rc8 33. Rh7 Qe6 34. Qxe6 fxe6 35. Bb4 Nc7 36. Bd6 Kb7 37. Re7 Kc6 38. Bxc7 Rxc7 39. Rxe6+ Kd5 40. Rd6+ Ke4 41. e6 Re7 42. d5 f4 43. Rd7 Re8 44. e7 Kf3 45. d6 Kxf2 46. Rd8 1-0


[Site "https://www.chess.com"]

[Event "Titled Tuesday Blitz February 22 Early 2022"]
[White "Kozin, Yuri"]
[Black "Aradhya, Garg"]
[WhiteFideId "4129920"]
[BlackFideId "25006746"]
[WhiteElo "2570"]
[BlackElo "2169"]
[Result "0-1"]
[Round "09"]
[TimeControl "180+1"]
[Date "2022.02.22"]
[WhiteClock "0:00:15"]
[BlackClock "0:01:02"]

1. e4 e5 2. Nf3 Nc6 3. Bb5 a6 4. Ba4 Nge7 5. c3 Ng6 6. h4 d5 7. exd5 Qxd5 8. d4 Bg4 9. h5 Nf4 10. Bxf4 exf4 11. Qe2+ Be7 12. h6 g6 13. Bb3 Bxf3 14. Bxd5 Bxe2 15. Bxc6+ bxc6 16. Kxe2 Rb8 17. b3 c5 18. d5 O-O 19. Nd2 f5 20. Kd3 Rfd8 21. Kc4 c6 22. d6 Rxd6 23. Nf3 Bf6 24. Rad1 Rbd8 25. Rxd6 Rxd6 26. Re1 g5 27. Kxc5 Rd3 28. c4 g4 29. Ne5 Rd2 30. g3 f3 31. Nxc6 Rxf2 32. Ne7+ Bxe7+ 33. Rxe7 Re2 34. Rg7+ Kf8 35. Rg5 Re7 36. Rxf5+ Rf7 37. Re5 f2 38. Re1 fxe1=Q 0-1


[Site "https://www.chess.com"]

[Event "Titled Tuesday Blitz February 22 Early 2022"]
[White "Krysa, Leandro"]
[Black "Ljukin, Sergei"]
[WhiteFideId "116807"]
[BlackFideId "14102200"]
[WhiteElo "2490"]
[BlackElo "2312"]
[Result "1-0"]
[Round "09"]
[TimeControl "180+1"]
[Date "2022.02.22"]
[WhiteClock "0:00:08"]
[BlackClock "0:00:10"]

1. e4 e6 2. d3 d5 3. Nd2 Nf6 4. Ngf3 Be7 5. g3 O-O 6. Bg2 c5 7. O-O Nc6 8. Re1 Qc7 9. e5 Nd7 10. Qe2 b5 11. h4 Qb6 12. Nf1 c4 13. Bf4 cxd3 14. cxd3 b4 15. h5 b3 16. a3 Ba6 17. h6 g6 18. Rad1 Nd4 19. Nxd4 Qxd4 20. Nh2 Rac8 21. Nf3 Qa4 22. Qe3 Rc2 23. Rd2 Rfc8 24. Red1 Bc5 25. d4 Bb6 26. Bg5 Ba5 27. Be7 Bxd2 28. Rxd2 Rxd2 29. Qxd2 Qc6 30. Bg5 Qc2 31. Qb4 Be2 32. Qe7 Qc7 33. Nd2 Bd1 34. Bxd5 exd5 35. e6 Nb6 36. exf7+ Kh8 37. Bf6# 1-0


[Site "https://www.chess.com"]

[Event "Titled Tuesday Blitz February 22 Early 2022"]
[White "Langner, Ladislav"]
[Black "Ambartsumova, Karina"]
[WhiteFideId "300403"]
[BlackFideId "4166299"]
[WhiteElo "2346"]
[BlackElo "2262"]
[Result "1/2-1/2"]
[Round "09"]
[TimeControl "180+1"]
[Date "2022.02.22"]
[WhiteClock "0:01:10"]
[BlackClock "0:00:11"]

1. e4 c5 2. c3 d5 3. exd5 Qxd5 4. d4 Nc6 5. Nf3 Bf5 6. Na3 e6 7. Nb1 Nf6 8. Na3 Be7 9. Be3 O-O 10. dxc5 Qxd1+ 11. Rxd1 Nd5 12. Bd4 Rac8 13. Nb5 Rfd8 14. Be2 a6 15. Nd6 Bxd6 16. cxd6 Nxd4 17. Nxd4 Be4 18. f3 Bg6 19. Kf2 Rxd6 20. Nb3 Rdd8 21. Rd2 Kf8 22. Rhd1 Ke7 23. g3 f6 24. f4 Be8 25. Bf3 Bc6 26. Nd4 h6 27. Nxc6+ bxc6 28. c4 Nb6 29. Rxd8 Rxd8 30. Rxd8 Kxd8 31. Bxc6 Nxc4 32. b3 Nd6 33. Ke3 Kc7 34. Bf3 e5 35. a3 Kb6 36. Be2 a5 37. Kd3 Kc5 38. Kc3 Ne4+ 39. Kd3 Nd6 40. Kc3 Ne4+ 41. Kd3 Nd6 1/2-1/2


[Site "https://www.chess.com"]

[Event "Titled Tuesday Blitz February 22 Early 2022"]
[White "Lazavik, Denis"]
[Black "Kovalenko, Igor"]
[WhiteFideId "13515110"]
[BlackFideId "14117908"]
[WhiteElo "2436"]
[BlackElo "2560"]
[Result "0-1"]
[Round "09"]
[TimeControl "180+1"]
[Date "2022.02.22"]
[WhiteClock "0:00:02"]
[BlackClock "0:00:17"]

1. d4 Nf6 2. c4 e6 3. Nf3 b6 4. g3 Ba6 5. b3 d5 6. Bg2 Bb4+ 7. Bd2 Bxd2+ 8. Qxd2 O-O 9. O-O Nbd7 10. cxd5 Ne4 11. Qc2 exd5 12. Rd1 Re8 13. e3 Ndf6 14. Ne5 c5 15. f3 Nd6 16. Nc3 Rc8 17. Rac1 Rc7 18. Qd2 Bb7 19. Ne2 g6 20. Nf4 Nf5 21. Bh3 Ng7 22. Bf1 Qe7 23. Kf2 Rf8 24. Ned3 g5 25. Ne2 Ne6 26. Bg2 Rfc8 27. Ne5 Ba6 28. Ng1 h6 29. Bh3 Kg7 30. Bf5 Re8 31. Re1 Bc8 32. Bb1 Nf8 33. Ne2 N8d7 34. Nxd7 Bxd7 35. dxc5 bxc5 36. Nc3 Be6 37. Kg2 Rd8 38. Qc2 g4 39. f4 d4 40. exd4 cxd4 41. Qd2 Rxc3 42. Rxc3 dxc3 43. Qxc3 Qb7+ 44. Kg1 Rc8 45. Qe3 Qd5 46. f5 Bd7 47. Qf4 Qc5+ 48. Qf2 Qxf2+ 49. Kxf2 Rc3 50. Re5 Rc1 51. Bd3 Rh1 52. Ra5 Rxh2+ 53. Ke3 Rg2 54. Kf4 Rf2+ 55. Ke5 Rf3 56. Be2 Re3+ 57. Kf4 Rxe2 0-1


[Site "https://www.chess.com"]

[Event "Titled Tuesday Blitz February 22 Early 2022"]
[White "Lodici, Lorenzo"]
[Black "Kobo, Ori"]
[WhiteFideId "884189"]
[BlackFideId "2812320"]
[WhiteElo "2265"]
[BlackElo "2420"]
[Result "1/2-1/2"]
[Round "09"]
[TimeControl "180+1"]
[Date "2022.02.22"]
[WhiteClock "0:00:21"]
[BlackClock "0:00:09"]

1. e4 c5 2. Be2 Nc6 3. d3 d5 4. f4 dxe4 5. dxe4 Qxd1+ 6. Bxd1 g6 7. Nf3 Bg4 8. Nbd2 Nf6 9. c3 Bxf3 10. Bxf3 e5 11. f5 Bh6 12. Nc4 Bxc1 13. Rxc1 Ke7 14. Ne3 Rad8 15. Ke2 Na5 16. g4 g5 17. h4 h6 18. Rcd1 b6 19. Kf2 Rhg8 20. b3 b5 21. hxg5 hxg5 22. Nd5+ Nxd5 23. exd5 Nb7 24. d6+ Nxd6 25. Rd5 e4 26. Be2 c4 27. b4 Rh8 28. Rhd1 Rh2+ 29. Ke3 f6 30. a4 a6 31. axb5 axb5 32. Ra1 Rd7 33. Ra6 Rh3+ 34. Kd4 Rh2 35. Ke3 Rh3+ 36. Kd2 e3+ 37. Kc2 Rh2 38. Kd1 Rh1+ 39. Kc2 Rh2 40. Kd1 Rh1+ 41. Kc2 Rh2 1/2-1/2


[Site "https://www.chess.com"]

[Event "Titled Tuesday Blitz February 22 Early 2022"]
[White "Maevsky, Nikolay"]
[Black "Stanisz, Patryk"]
[WhiteFideId "4198220"]
[BlackFideId "1123106"]
[WhiteElo "2104"]
[BlackElo "1876"]
[Result "1-0"]
[Round "09"]
[TimeControl "180+1"]
[Date "2022.02.22"]
[WhiteClock "0:00:08"]
[BlackClock "0:00:12"]

1. d4 d5 2. Nf3 c6 3. c4 Nf6 4. Nc3 e6 5. Bg5 h6 6. Bxf6 Qxf6 7. e3 g6 8. Rc1 Nd7 9. Qb3 Bg7 10. cxd5 exd5 11. Be2 O-O 12. O-O Re8 13. Rfe1 b6 14. a3 Bb7 15. Qa2 Qe6 16. b4 a5 17. Qb3 Reb8 18. Red1 Bf8 19. b5 c5 20. dxc5 Nxc5 21. Qa2 Rd8 22. Nd4 Qe5 23. Nc6 Bxc6 24. bxc6 d4 25. exd4 Rxd4 26. Rxd4 Qxd4 27. Nb5 Qf4 28. Qc4 Ne4 29. Bf3 Re8 30. Rf1 Bc5 31. Qd3 Nd2 32. Rd1 Ne4 33. Bxe4 Rxe4 34. Qf3 Qe5 35. g3 Re1+ 36. Rxe1 Qxe1+ 37. Kg2 Qe8 38. c7 Qd7 39. Qb7 Kg7 40. c8=Q Qf5 41. Qxf5 gxf5 42. Qd5 Kg6 43. Qf3 f6 44. h4 h5 45. Nc7 f4 46. Nd5 fxg3 47. fxg3 f5 48. Nf4+ Kf6 49. Nxh5+ Ke6 50. Nf4+ Kd7 51. h5 Kd6 52. a4 Bd4 53. h6 Bh8 54. h7 Be5 55. Qd3+ Ke7 56. Qxf5 Bh8 57. Ng6+ 1-0


[Site "https://www.chess.com"]